 Dungeon Crawl Stone Soup version 0.25.0-9-g26727b657a (webtiles) character file.

Game seed: 10491229358328010053

830 funshine the Covered (level 7, -3/63 HPs)
             Began as a Minotaur Fighter on June 19, 2020.
             Killed from afar by Ijyb (13 damage)
             ... with a bolt of acid
             ... on level 4 of the Dungeon.
             The game lasted 00:12:30 (2946 turns).

funshine the Covered (Minotaur Fighter)             Turns: 2946, Time: 00:12:31

Health: -3/63      AC:  8    Str: 23    XL:     7   Next: 65%
Magic:  6/6        EV:  5    Int:  5    God:
Gold:   178        SH: 11    Dex: 15    Spells: 6/6 levels left

rFire    . . .     SeeInvis .   a - +1 long sword
rCold    . . .     Gourm    .   c - +0 kite shield
rNeg     . . .     Faith    .   i - +0 plate armour
rPois    .         Spirit   .   (helmet restricted)
rElec    .         Reflect  .   (no cloak)
rCorr    .         Harm     .   (no gloves)
MR       .....                  (no boots)
Stlth    ..........             (no amulet)
HPRegen  0.20/turn              u - +6 ring of dexterity
MPRegen  0.10/turn              (no ring)

@: about to teleport, corroded
A: retaliatory headbutt, horns 2
a: no special abilities


You were on level 4 of the Dungeon.
You were not hungry.

You visited 1 branch of the dungeon, and saw 4 of its levels.

You collected 178 gold pieces.

Inventory:

Hand Weapons
 a - a +1 long sword (weapon)
 j - a cursed -2 glaive
Armour
 b - a +0 scale mail
 c - a +0 kite shield (worn)
 i - a +0 plate armour (worn)
 q - a +0 pair of boots
Jewellery
 u - a +6 ring of dexterity (left hand)
Scrolls
 h - 3 scrolls of amnesia
 l - a scroll of remove curse
 s - a scroll of magic mapping {unknown}
 t - a scroll of immolation
Potions
 d - a potion of might
 e - 2 potions of flight {unknown}
 k - a potion of stabbing {unknown}
 m - a potion of curing {unknown}
 n - 2 potions of magic {unknown}
 o - 2 potions of resistance {unknown}
 p - 2 potions of heal wounds {unknown}
Comestibles
 f - 7 rations


   Skills:
 + Level 6.3 Fighting
 + Level 5.7 Long Blades
 + Level 6.3 Armour
 + Level 6.3 Shields


You had 6 spell levels left.
You didn't know any spells.
Your spell library was empty.

Dungeon Overview and Level Annotations

Branches:
Dungeon (4/15)
 Temple: D:4-7

Altars:
Ashenzari
Gozag
Nemelex Xobeh
Qazlal
Trog
Uskayaw
The Shining One

Annotations:
D:4 Ijyb


Innate Abilities, Weirdness & Mutations

You reflexively headbutt those who attack you in melee.
You have a pair of horns on your head.


Message History

The iguana hisses angrily.
You hit the adder.
The adder is lightly wounded.
You block the hound's attack.
Ijyb zaps a wand.
The bolt of acid hits the freed slave!
The freed slave is splashed with acid!
The acid corrodes the freed slave!
The freed slave dies!
The bolt of acid hits you. The acid corrodes you!
You are splashed with acid!
* * * LOW HITPOINT WARNING * * *
The adder bites you but does no damage. The hound bites you but does no damage.
The hound bites you but does no damage. You block the adder's attack.
The iguana hisses menacingly.
Ijyb barely misses you. You furiously retaliate!
You headbutt Ijyb, but do no damage. The hound barely misses you.
You riposte.
You closely miss the hound. You headbutt the hound.
You kill the hound!
As you read the scroll of teleportation, it crumbles to dust.
You feel strangely unstable. The adder bites you but does no damage.
Ijyb zaps a wand.
The bolt of acid hits you!
You die...

###### .... #....####.
#...._.... #.........
#........ #.......)
###...## #...... #E#...#
#....#
.#####...########...<######
........lS.................
..>[$....g@................
..#...†........p........
###$...........)......
######+###..####....
#....#########...#
#....#............
#....#............
##....'..).........
#.....#............


You could see an air elemental, Ijyb, an iguana and an adder.

Vanquished Creatures
  Pikel (D:4)
  An ice beast (D:3)
  An ogre (D:4)
  2 hounds (D:4)
  A centaur skeleton (D:4)
  A worker ant (D:4)
  5 adders
  2 oozes
  3 dart slugs
  2 leopard geckos
  A ball python (D:3)
  9 bats
  2 giant cockroaches
  6 goblins
  8 hobgoblins
  7 kobolds
  5 frilled lizards (D:2)
  7 rats
64 creatures vanquished.

Vanquished Creatures (others)
  A slave (D:4)
  A kobold (D:2)
2 creatures vanquished.

Grand Total: 66 creatures vanquished

Notes
Turn   | Place    | Note
-------+----------+-------------------------------------------
     0 | D:1      | funshine the Minotaur Fighter began the quest for the Orb.
     0 | D:1      | Reached XP level 1. HP: 19/19 MP: 0/0
   198 | D:1      | Reached XP level 2. HP: 27/27 MP: 1/1
   325 | D:1      | Reached XP level 3. HP: 26/33 MP: 2/2
   847 | D:2      | Found an opulent altar of Gozag.
  1323 | D:2      | Reached XP level 4. HP: 39/40 MP: 3/3
  1680 | D:3      | Found a sparkling altar of Nemelex Xobeh.
  1765 | D:3      | Found a glowing golden altar of the Shining One.
  1827 | D:3      | Found a shattered altar of Ashenzari.
  1951 | D:3      | Found a hide-covered altar of Uskayaw.
  1951 | D:3      | Noticed an ice beast
  1974 | D:3      | Killed an ice beast
  1974 | D:3      | Reached XP level 5. HP: 7/47 MP: 4/4
  2282 | D:3      | Found a bloodstained altar of Trog.
  2507 | D:4      | Reached skill level 5 in Fighting
  2507 | D:4      | Reached skill level 5 in Armour
  2507 | D:4      | Reached skill level 5 in Shields
  2522 | D:4      | Noticed an ogre
  2528 | D:4      | Killed an ogre
  2528 | D:4      | Reached XP level 6. HP: 56/56 MP: 5/5
  2558 | D:4      | Noticed a slave
  2558 | D:4      | Noticed a slave
  2558 | D:4      | Noticed Pikel
  2559 | D:4      | Noticed a slave
  2560 | D:4      | Noticed a slave
  2900 | D:4      | Killed Pikel
  2900 | D:4      | Reached skill level 5 in Long Blades
  2900 | D:4      | Reached XP level 7. HP: 35/63 MP: 6/6
  2937 | D:4      | Noticed an air elemental
  2938 | D:4      | Found a stormy altar of Qazlal.
  2938 | D:4      | Noticed Ijyb
  2946 | D:4      | Killed from afar by Ijyb

Illustrated notes

Levels and vault maps discovered:
D:1:      psy_arrival_fountain, layout_loops_ring, chequers_serial_rivers_room_b
D:2:      layout_loops_cross, nicolae_gozag_cash_rules_everything_around_me
D:3:      layout_rooms, overflow_temple_1_default, lemuel_doored_altar,
          ashenzari_altar_1, nicolae_overflow_hidden_temple,
          nemelex_xobeh_ov_fountains_minmay
D:4:      layout_gridville, grunt_temple_overflow_order_and_chaos_2,
          nicolae_qazlal_style_of_elements, nicolae_dithmenos_shadow_blocks,
          minmay_temple_entry_gardened_gates, first_ration, uniq_blork_the_orc,
          uniq_pikel, uniq_ijyb

Skill      XL: |  1  2  3  4  5  6 |
---------------+-------------------+-----
Armour         | 4 5 6 |  6.3
Fighting       | 4 5 6 |  6.3
Shields        | 4 5 6 |  6.3
Long Blades    | 3 4 5 |  5.7

Action                   |  1- 3 |  4- 6 |  7- 9 || total
-------------------------+-------+-------+-------++-------
Melee: Long sword        |    87 |   113 |     1 ||   201
       Headbutt          |     6 |    17 |     1 ||    24
  Use: Scroll            |     3 |     5 |     1 ||     9
  Eat: Chunk             |     1 |     2 |       ||     3
       Ration            |       |     1 |       ||     1
Armor: Scale mail        |    40 |    10 |       ||    50
       Plate armour      |       |    61 |     6 ||    67
Dodge: Dodged            |    31 |    24 |     2 ||    57
Block: Kite shield       |    63 |    70 |     2 ||   135
       Rpst.: Long sword |     6 |     6 |     1 ||    13
